 Dungeon Crawl Stone Soup version 0.13.0-6-g40e4d2d (webtiles) character file.

629 Aelig the Digger (level 6, -9/32 HPs)
             Began as a Deep Elf Earth Elementalist on Oct 15, 2013.
             Was an Initiate of Sif Muna.
             Mangled by an ice beast (11 damage)
             ... on Level 6 of the Dungeon.
             The game lasted 00:15:21 (3788 turns).

Aelig the Digger (Deep Elf Earth Elementalist)      Turns: 3788, Time: 00:15:22

HP  -9/32        AC  4     Str  5      XL: 6   Next: 55%
MP   9/19        EV 13     Int 22      God: Sif Muna [......]
Gold 226         SH  0     Dex 15      Spells:  3 memorised,  6 levels left

Res.Fire  : . . .   See Invis. : .   b - 85 stones
Res.Cold  : . . .   Warding    : .   c - +0 elf robe
Life Prot.: . . .   Conserve   : .   (no shield)
Res.Poison: .       Res.Corr.  : .   (no helmet)
Res.Elec. : .       Clarity    : .   (no cloak)
Sust.Abil.: . .     Spirit.Shd : .   m - +1 pair of gauntlets
Res.Mut.  : .       Stasis     : .   (no boots)
Res.Rott. : .       Flight     : .   (no amulet)
Saprovore : . . .                    (no ring)
                                     (no ring)

@: slightly resistant to hostile enchantments, fairly stealthy
A: no striking features
a: Renounce Religion


You were on level 6 of the Dungeon.
You worshipped Sif Muna.
Sif Muna was noncommittal.
You were not hungry.

You visited 2 branches of the dungeon, and saw 7 of its levels.

You collected 206 gold pieces.

Inventory:

Hand weapons
 a - a +0,+0 dagger (quivered)
Missiles
 b - 85 stones (in hand)
Armour
 c - a +0 elven robe (worn)
 m - a +1 pair of gauntlets (worn)
Comestibles
 h - 2 pears
 o - 3 meat rations
 r - 3 rotting chunks of orc flesh
 v - 2 bread rations
 A - 4 chunks of orc flesh
Scrolls
 e - a scroll of teleportation {unknown}
 g - a scroll of recharging {unknown}
 k - 2 scrolls of curse armour {unknown}
 l - 2 scrolls of noise {unknown}
 n - 2 scrolls of enchant weapon I {unknown}
 p - a scroll of curse jewellery {unknown}
 s - a scroll of identify {unknown}
 u - 4 scrolls of enchant armour {unknown}
 w - 2 scrolls of remove curse {unknown}
 x - a scroll of curse weapon {unknown}
Potions
 f - a potion of flight {unknown}
 i - 2 potions of heal wounds {unknown}
 j - a potion of confusion {unknown}
 q - 2 potions of curing {unknown}
 z - a potion of cure mutation {unknown}
Books
 d - a book of Geomancy

   Spells                             Type                      Level
   *Sandblast                         Earth                        1
   Stoneskin                          Transmutation/Earth          2
   *Passwall                          Transmutation/Earth          3
   *Stone Arrow                       Conjuration/Earth            3
   Petrify                            Transmutation/Earth          4
   Lee's Rapid Deconstruction         Earth                        5
 t - a book of Enchantments

   Spells                             Type                      Level
   Cause Fear                         Hexes                        4
   Silence                            Hexes/Air                    5
   Tukima's Dance                     Hexes                        5
   Deflect Missiles                   Charms/Air                   6
   Haste                              Charms                       6
   Discord                            Hexes                        8


   Skills:
 - Level 2.4 Dodging
 - Level 2.4 Stealth
 - Level 4.0 Spellcasting
 * Level 2.5 Conjurations
 - Level 1.1 Transmutations
 + Level 6.9 Earth Magic


You had 6 spell levels left.
You knew the following spells:

 Your Spells              Type           Power        Failure   Level  Hunger
a - Sandblast             Erth           #####.       1%          1    None
b - Stone Arrow           Conj/Erth      ####..       6%          3    ###....
c - Passwall              Trmt/Erth      ###.......   8%          3    ###....


Dungeon Overview and Level Annotations

Branches:
Dungeon (6/27)             Temple (1/1) D:6
    Orc: D:6-11

Altars:
Ashenzari
Cheibriados
Elyvilon
Fedhas
Makhleb
Nemelex Xobeh
Okawaru
Sif Muna
Trog
Vehumet
Zin
the Shining One

Shops:
D:4 /   D:6 ?

Annotations:
D:1 exclusion: downstairs
D:2 Terence
D:3 exclusion: downstairs
D:4 exclusion: 3 doors, Duvessa, Prince Ribbit, Sigmund


Message History

The ice beast misses you.
Casting: Sandblast
Confirm with . or Enter, or press ? or * to list all spells.
Aiming: Sandblast
Press: ? - help, Shift-Dir - straight line, f/p - ice beast
Aim: an ice beast (severely wounded)
The rocky blast misses the ice beast.
The ice beast hits you. The ice beast freezes you!
* * * LOW HITPOINT WARNING * * *
Casting: Sandblast
Confirm with . or Enter, or press ? or * to list all spells.
Aiming: Sandblast
Press: ? - help, Shift-Dir - straight line, f/p - ice beast
Aim: an ice beast (severely wounded)
The rocky blast hits the ice beast.
The ice beast is almost dead.
The ice beast hits you.
* * * LOW HITPOINT WARNING * * *
The ice beast freezes you!
You die...

#....... . ..# #.# #.....#
#.# #.# #.....# #.# #.#
#.....# #.# #.#### #...<.#
#.# #..... #.....#
#.####..... #.....#
#..........
#.....###########..........
#........I@................
###########################


You could see an ice beast.

Vanquished Creatures
  An ogre (D:4)
  Blork the orc (D:6)
  A giant frog (D:6)
  A giant frog skeleton (D:3)
  An orc priest (D:3)
  An orc wizard (D:3)
  Ijyb (D:3)
  2 adders
  2 giant mites
  2 oozes
  12 orcs
  2 ball pythons
  7 bats
  2 giant cockroaches (D:1)
  6 goblins
  6 hobgoblins
  6 kobolds
  2 giant geckos (D:2)
  4 giant newts
  2 orc skeletons (D:5)
  8 rats
70 creatures vanquished.

Vanquished Creatures (others)
  A hound (D:5)
  A worker ant (D:5)
  A giant gecko (D:5)
  A bat (D:5)
  A giant cockroach (D:5)
  A goblin (D:5)
  A quokka (D:5)
7 creatures vanquished.

Grand Total: 77 creatures vanquished

Notes
Turn   | Place    | Note
--------------------------------------------------------------
     0 | D:1      | Aelig, the Deep Elf Earth Elementalist, began the quest for the Orb.
     0 | D:1      | Reached XP level 1. HP: 10/10 MP: 4/4
   422 | D:1      | Reached XP level 2. HP: 10/15 MP: 1/7
   923 | D:2      | Noticed Terence
  1183 | D:2      | Reached XP level 3. HP: 19/19 MP: 1/10
  1407 | D:2      | Reached skill level 4 in Spellcasting
  1620 | D:3      | Noticed Ijyb
  1631 | D:3      | Killed Ijyb
  1733 | D:3      | Reached XP level 4. HP: 21/24 MP: 14/14
  1843 | D:3      | Learned a level 3 spell: Stone Arrow
  1847 | D:3      | Learned a level 3 spell: Passwall
  2084 | D:3      | Reached skill level 5 in Earth Magic
  2088 | D:3      | Reached skill level 1 in Conjurations
  2088 | D:3      | Reached XP level 5. HP: 18/28 MP: 4/17
  2463 | D:4      | Noticed Prince Ribbit
  2484 | D:4      | Noticed Duvessa
  2532 | D:4      | Found Ylium's Magical Wand Boutique.
  2556 | D:4      | Noticed an ogre
  2565 | D:4      | Killed an ogre
  2565 | D:4      | Reached skill level 6 in Earth Magic
  2759 | D:4      | Noticed Sigmund
  2786 | D:5      | Entered Level 5 of the Dungeon
  2895 | D:5      | Noticed a phantom
  3045 | D:6      | Reached XP level 6. HP: 32/32 MP: 17/19
  3222 | D:6      | Found a staircase to the Ecumenical Temple.
  3228 | Temple   | Entered the Ecumenical Temple
  3418 | Temple   | Became a worshipper of Sif Muna the Loreminder
  3466 | D:6      | Noticed a centaur
  3484 | D:6      | Found Dutsuxt's Magic Scroll Emporium.
  3621 | D:6      | Noticed Blork the orc
  3635 | D:6      | Killed Blork the orc
  3709 | D:6      | Found a blossoming altar of Fedhas.
  3765 | D:6      | Noticed an ice beast
  3788 | D:6      | Mangled by an ice beast

Action                   |  1- 3 |  4- 6 || total
-------------------------+-------+-------++-------
Melee: Unarmed           |    15 |       ||    15
       Dagger            |     9 |    19 ||    28
 Cast: Sandblast         |    61 |   102 ||   163
       Stone Arrow       |       |     1 ||     1
       Passwall          |       |     3 ||     3
 Stab: Sleeping          |       |     1 ||     1
